Construct Section Command Post
Construct Field Infirmary
Selects Air and Sea Battlegroup
Construct Platoon Command Post
Selects Commando Section Paradrop
Commando Section Paradrop
Construct Company Command Post
Commando Section Paradrop
Selects Commando LMG Section Paradrop
Unlock Bishop Self-propelled Artillery
Bishop Self-propelled Artillery
Bishop Self-propelled Artillery
Selects Anti-tank Rocket Loiter
Selects Centaur Medium Tank
Selects Naval Bombardment
Commando Section Paradrop
Commando Section Paradrop
Unlock M3 Grant Medium Tanks
Commando Section Paradrop
Commando Section Paradrop